 Dungeon Crawl Stone Soup version 0.29.1-2-gbd0b4ee654 (webtiles) character file.

Game seed: 5567004048557613751

77 0gre the Chiller (level 4, -3/32 HPs)
             Began as a Gnoll Ice Elementalist on Nov 2, 2022.
             Slain by Pikel
             ... wielding a +2 whip of flaming
              (11 damage)
             ... on level 4 of the Dungeon.
             The game lasted 00:09:10 (3475 turns).

0gre the Chiller (Gnoll Ice Elementalist)           Turns: 3475, Time: 00:09:11

Health: -3/32      AC:  4    Str:  8    XL:     4   Next: 34%
Magic:  5/11       EV: 13    Int: 16    God:
Gold:   142        SH:  0    Dex: 12    Spells: 9/13 levels left

rFire   . . .      SeeInvis .   a - +0 halberd
rCold   . . .      Faith    .   (shield currently unavailable)
rNeg    . . .      Spirit   .   i - +0 robe
rPois   .          Reflect  .   (no helmet)
rElec   .          Harm     .   (no cloak)
rCorr   .          Rampage  .   n - +1 Delatra's gloves {ID++}
Will    .....                   (no boots)
Stlth   ++........              (no amulet)
HPRegen 0.10/turn               (no ring)
MPRegen 0.12/turn               (no ring)

@: freezing walls
A: fangs 1, strong nose, distributed training
a: no special abilities


You were on level 4 of the Dungeon.
You visited 1 branch of the dungeon, and saw 4 of its levels.

You collected 155 gold pieces.
You spent 13 gold pieces at shops.

Inventory:

Hand Weapons
 a - a +0 halberd (weapon)
Missiles
 q - 14 poisoned darts (quivered)
 y - a throwing net
Armour
 i - a +0 robe (worn)
 n - the +1 Delatra's gloves (worn) {ID++}
   (You found it on level 2 of the Dungeon)

   It heals its wearer when they drink unknown potions.
   It restores its wearer's MP when they read unknown scrolls.
 x - a +2 buckler
Scrolls
 c - 3 scrolls of teleportation {unknown}
 d - 2 scrolls of blinking {unknown}
 e - 2 scrolls of fog {unknown}
 f - a scroll of magic mapping {unknown}
 h - 2 scrolls of poison {unknown}
 m - a scroll of enchant weapon {unknown}
 o - a scroll of summoning {unknown}
 r - a scroll of identify {unknown}
 t - 2 scrolls of immolation {unknown}
 u - a scroll of enchant armour {unknown}
 v - a scroll of amnesia {unknown}
 z - a scroll of fear {unknown}
Potions
 b - a potion of magic
 g - a potion of mutation {unknown}
 j - a potion of invisibility {unknown}
 k - 3 potions of flight {unknown}
 l - 4 potions of curing {unknown}
 p - a potion of cancellation {unknown}
 s - a potion of resistance {unknown}
 w - a potion of degeneration {unknown}


   Skills:
 + Level 1.1 Fighting
 + Level 1.1 Short Blades
 + Level 1.1 Long Blades
 + Level 1.1 Axes
 + Level 1.1 Maces & Flails
 + Level 1.1 Polearms
 + Level 1.1 Staves
 + Level 1.1 Ranged Weapons
 + Level 1.1 Throwing
 + Level 1.1 Armour
 + Level 4.6 Dodging
 + Level 4.2 Stealth
 + Level 1.1 Shields
 + Level 1.1 Unarmed Combat
 + Level 5.1 Spellcasting
 + Level 0.9 Conjurations
 + Level 0.9 Hexes
 + Level 0.9 Summonings
 + Level 0.9 Necromancy
 + Level 0.9 Translocations
 + Level 0.9 Transmutations
 + Level 0.9 Fire Magic
 + Level 7.1 Ice Magic
 + Level 0.9 Air Magic
 + Level 0.9 Earth Magic
 + Level 0.9 Poison Magic
 + Level 1.2 Invocations
 + Level 1.1 Evocations


You had 9 spell levels left.
You knew the following spells:

 Your Spells              Type           Power      Damage    Failure   Level
a - Freeze                Ice            100%       1d11      1%          1
b - Frozen Ramparts       Ice            52%        1d8       2%          3

Your spell library contained the following spells:

 Spells                   Type           Power      Damage    Failure   Level
 Ozocubu's Armour         Ice            26%        N/A       2%          3
 Apportation              Tloc           14%        N/A       11%         1
 Hailstorm                Conj/Ice       17%        3d6       28%         4
 Confusing Touch          Hex            7%         N/A       30%         3
 Alistair's Intoxication  Tmut/Pois      4%         N/A       96%         5
 Yara's Violent Unravell  Hex/Tmut       3%         3d4       96%         5
 Enfeeble                 Hex            3%         N/A       100%        7


Dungeon Overview and Level Annotations

Branches:
Dungeon (4/15)
 Temple: D:4-7

Altars:
Elyvilon
Xom

Shops:
D:2 *

Annotations:
D:4 Pikel


Innate Abilities, Weirdness & Mutations

You have very sharp teeth.
Your uncanny sense of smell can sniff out nearby items.
Your experience applies equally to all skills.


Message History

You barely miss the lemure.
The lemure is moderately wounded.
The wall freezes Pikel but does no damage.
A lemure comes into view.
You barely miss Pikel.
The lemure shouts! x2
Your bite misses Pikel.
Pikel is moderately wounded.
The wall freezes the lemure. x2
You slash Pikel!
Pikel is heavily wounded.
The wall freezes Pikel.
Pikel misses you.
The wall freezes the lemure but does no damage.
The wall freezes the lemure.
The wall freezes Pikel but does no damage.
Pikel hits you with a +2 whip of flaming!
Pikel burns you.
The wall freezes the lemure. x2
Casting: Frozen Ramparts (dangerous; 2% risk of failure)
Confirm with . or Enter, or press ? or * to list all spells.
Aiming: Freeze (safe; 1% risk of failure)
Press: ? - help, Shift-Dir - straight line, f - Pikel
Aim: Pikel, wielding a +2 whip of flaming and wearing a +0 robe (heavily wounded)
You freeze Pikel.
Pikel is heavily wounded.
The frozen ramparts melt away.
Pikel hits you with a +2 whip of flaming!
* * * LOW HITPOINT WARNING * * *
Pikel burns you.
* * * LOW HITPOINT WARNING * * *
Casting: Freeze (safe; 1% risk of failure)
Confirm with . or Enter, or press ? or * to list all spells.
Casting: Frozen Ramparts (dangerous; 2% risk of failure)
Press: ? - help, Dir - look around, f - activate The walls around you are covered in ice.
The wall freezes Pikel.
Pikel closely misses you.
The wall freezes the lemure. x2
You miss Pikel. Your bite misses Pikel.
Pikel is severely wounded.
The wall freezes Pikel but does no damage.
Pikel hits you with a +2 whip of flaming!
You die...

#.#
#.#
#5#
#5#
#5#
∆#5#
#K#
#@#
#.#
#.#
#.#
#.#
#.#
#.#
#.#
#.#


You could see Pikel and 4 lemures.

Vanquished Creatures
  A gnoll (D:2)
  2 adders (D:3)
  A worm (D:2)
  4 orcs (D:3)
  A ball python (D:1)
  5 endoplasms
  2 giant cockroaches
  3 hobgoblins
  4 jackals (D:2)
  2 quokkas
  A bat (D:3)
  A frilled lizard (D:3)
  4 goblins
  4 kobolds
  6 rats
41 creatures vanquished.

Notes
Turn   | Place    | Note
-------+----------+-------------------------------------------
     0 | D:1      | 0gre the Gnoll Ice Elementalist began the quest for the
                  | Orb.
     0 | D:1      | Reached XP level 1. HP: 13/13 MP: 6/6
   933 | D:1      | Reached XP level 2. HP: 19/19 MP: 4/7
  1115 | D:1      | Found a faded altar of an unknown god.
  1397 | D:2      | Identified the +1 robe of a volcano {Rampage Int-2 Dex+4}
  1620 | D:2      | Found the +1 Delatra's gloves {ID++}
  1766 | D:2      | Found Baad Lips's General Store.
  1773 | D:2      | Bought 3 poisoned darts for 13 gold pieces
  2003 | D:2      | Reached skill level 5 in Spellcasting
  2003 | D:2      | Reached XP level 3. HP: 22/25 MP: 6/9
  2008 | D:2      | Learned a level 3 spell: Frozen Ramparts
  2010 | D:2      | HP: 1/25 [gnoll/+0 halberd (15)]
  2014 | D:2      | Reached skill level 1 in Invocations
  2737 | D:3      | Reached skill level 1 in Fighting
  2737 | D:3      | Reached skill level 1 in Short Blades
  2737 | D:3      | Reached skill level 1 in Long Blades
  2737 | D:3      | Reached skill level 1 in Axes
  2737 | D:3      | Reached skill level 1 in Maces & Flails
  2737 | D:3      | Reached skill level 1 in Polearms
  2737 | D:3      | Reached skill level 1 in Staves
  2737 | D:3      | Reached skill level 1 in Ranged Weapons
  2737 | D:3      | Reached skill level 1 in Throwing
  2737 | D:3      | Reached skill level 1 in Armour
  2737 | D:3      | Reached skill level 1 in Shields
  2737 | D:3      | Reached skill level 1 in Unarmed Combat
  2737 | D:3      | Reached skill level 1 in Evocations
  2840 | D:3      | Found a white marble altar of Elyvilon.
  2845 | D:3      | Found a shimmering altar of Xom.
  2975 | D:3      | Reached XP level 4. HP: 32/32 MP: 7/11
  3464 | D:4      | Noticed a lemure
  3466 | D:4      | Noticed Pikel
  3467 | D:4      | Noticed a lemure
  3469 | D:4      | Noticed a lemure
  3470 | D:4      | Noticed a lemure
  3475 | D:4      | Slain by Pikel

Illustrated notes

Levels and vault maps discovered:
D:1:      dpeg_arrival_central, layout_basic,
          shapermc_ecumenical_altar_mp_vishouse, kennysheep_minor_cross
D:2:      layout_loops_ring, serial_shops, shop, cheibrodos_gnoll_hut
D:3:      layout_rooms, mainiacjoe_overflow_big_doors, minmay_misc_feat_tiny,
          grunt_ministairs_2
D:4:      layout_basic, nicolae_specific_store, uniq_pikel

Skill      XL: |  1  2  3 |
---------------+----------+-----
Spellcasting   | 5 |  5.1
Invocations    | 1 |  1.2
Fighting       | 1 |  1.1
Short Blades   | 1 |  1.1
Long Blades    | 1 |  1.1
Axes           | 1 |  1.1
Maces & Flails | 1 |  1.1
Polearms       | 1 |  1.1
Staves         | 1 |  1.1
Ranged Weapons | 1 |  1.1
Throwing       | 1 |  1.1
Armour         | 1 |  1.1
Shields        | 1 |  1.1
Unarmed Combat | 1 |  1.1
Evocations     | 1 |  1.1
Dodging        | |  4.6
Stealth        | |  4.2
Conjurations   | |  0.9
Hexes          | |  0.9
Summonings     | |  0.9
Necromancy     | |  0.9
Translocations | |  0.9
Transmutations | |  0.9
Fire Magic     | |  0.9
Ice Magic      | |  7.1
Air Magic      | |  0.9
Earth Magic    | |  0.9
Poison Magic   | |  0.9

Action                   |  1- 3 |  4- 6 || total
-------------------------+-------+-------++-------
Melee: Short sword       |    15 |       ||    15
       Bite              |     4 |       ||     4
       Dagger            |     1 |       ||     1
       Halberd           |    45 |    20 ||    65
 Cast: Freeze            |    27 |     3 ||    30
       Frozen Ramparts   |     3 |     4 ||     7
 Stab: Sleeping          |     4 |       ||     4
Armor: Robe              |    24 |     5 ||    29
Dodge: Dodged            |    58 |    17 ||    75
